cohdb
Replays
Latest Replays
All Replays
Popular Replays
Top Player Replays
Match Explorer
How It Works
Community
CoH3 Stats
Reddit
Sign in to upload your games and track your stats! →
Sign in with Steam
Match 43278236
Unlisted
Match 43278236
Overview
Messages
Build Orders
End
Selects Australian Defense Battlegroup
Selects Australian Light Infantry Section
Australian Light Infantry Section
Construct Section Command Post
Australian Light Infantry Section
Selects Defensive Tactics
Australian Light Infantry Section
Construct Field Infirmary
Construct Platoon Command Post
CMP 15cwt Truck
Forward Retreat Point
Infantry Training
Selects CMP 15cwt Supply Run
CMP 15cwt Supply Run
Selects Artillery Trip Wire Flares
Selects Archer Tank Destroyer
Archer Tank Destroyer
CMP 15cwt Supply Run
Armored Vehicle Training
Archer Tank Destroyer
Archer Tank Destroyer
CMP 15cwt Supply Run
Nougat [AdG]
MajorMalfunction_
DirtyGrandpa
Regret
leeroyof
Gremchick
Граф Гематоген
DonaldDUCK
0
0
Comments
sign in to comment!
No comments posted yet!